Map: Acropolis LE

Players

CuddleBunny

  • Race: Zerg Zerg
  • League: Diamond
  • Spawn Location: 5:00

PeLLy - Winner!

  • Race: Zerg Zerg
  • League: Diamond
  • Spawn Location: 11:00

VOD

Have the link to the VOD?

Description

Time

  • Played on: Aug. 15, 2019, 5:01 p.m.
  • Length: 6:11
Show
View Real Time Build Order
Export as new Build Order

CuddleBunny Zerg 

Build Orders: Hatch First 

Get SALT Encoding   

  12  0:02  Drone  
  13  0:12  Overlord  
  13  0:19  Drone  
  14  0:33  Drone x2  
  16  0:51  Hatchery  
  16  0:55  Drone  
  16  1:10  Spawning Pool  
  16  1:11  Drone  
  16  1:14  Drone  
  17  1:18  Drone  
  17  1:22  Extractor  
  17  1:35  Drone  
  17  1:36  Drone  
  19  1:48  Overlord  
  19  1:57  Queen  
  19  1:59  Zergling x2  
  22  2:03  Queen  
  22  2:04  Zergling x2  
  25  2:09  Drone  
  25  2:15  Drone  
  27  2:17  Drone  
  28  2:26  Metabolic Boost  
  28  2:31  Drone x2  
  30  2:42  Queen  
  32  2:44  Drone x2  
  34  2:59  Drone  
  34  3:02  Drone  
  34  3:04  Hatchery  
  35  3:07  Overlord  
  35  3:21  Overlord  
  35  3:22  Overlord  
  35  3:30  Baneling Nest  
  35  3:32  Drone x2  
  37  3:34  Drone  
  37  3:35  Roach Warren  
  37  3:36  Drone  
  37  3:49  Lair  
  37  3:51  Extractor, Drone x2  
  37  3:53  Drone x2  
  40  4:00  Overlord  
  40  4:06  Drone x3  
  43  4:13  Evolution Chamber  
  42  4:21  Evolution Chamber  
  42  4:23  Queen  
  43  4:29  Queen  
  43  4:30  Drone  
  43  4:31  Drone x3  
  49  4:37  Roach x2  
  53  4:42  Baneling x2  
  53  4:50  Pneumatized Carapace  
  53  4:57  Drone x3  
  53  4:59  Extractor  
  55  5:00  Drone  
  55  5:01  Extractor, Drone x7  
  61  5:17  Drone x3  
  61  5:18  Drone x3  
  67  5:23  Extractor  
  67  5:24  Extractor  
  67  5:25  Roach x3  
  67  5:30  Zergling x6  
  67  5:35  Roach x2  
  74  5:41  Overlord x2  
Show
View Real Time Build Order
Export as new Build Order

PeLLy Zerg - Winner!

Build Orders: Hatch First 

Get SALT Encoding   

  12  0:01  Drone  
  13  0:13  Overlord  
  13  0:19  Drone  
  14  0:31  Drone  
  14  0:32  Drone  
  16  0:41  Drone  
  17  0:52  Hatchery  
  17  0:56  Drone  
  17  1:10  Spawning Pool  
  16  1:13  Drone  
  16  1:17  Extractor  
  16  1:18  Drone  
  17  1:22  Drone  
  18  1:33  Drone  
  19  1:40  Drone  
  20  1:50  Overlord  
  20  2:00  Queen  
  22  2:06  Queen  
  24  2:17  Drone  
  24  2:18  Drone x3  
  28  2:27  Drone x2  
  30  2:34  Overlord  
  30  2:45  Drone  
  30  2:46  Drone  
  30  2:50  Drone  
  33  2:55  Evolution Chamber  
  33  2:56  Drone  
  33  2:57  Evolution Chamber  
  32  2:59  Drone  
  33  3:07  Roach Warren  
  33  3:08  Queen  
  34  3:19  Drone x8  
  42  3:26  Lair  
  42  3:33  Drone x2  
  44  3:35  Extractor  
  44  3:36  Extractor  
  44  3:37  Drone x2  
  44  3:49  Overlord x2  
  44  3:50  Overlord x2  
  44  4:00  Overlord x2  
  44  4:06  Zerg Missile Weapons Level 1  
  44  4:21  Drone  
  44  4:22  Drone x2  
  44  4:23  Roach  
  44  4:24  Roach x6  
  61  4:28  Glial Reconstitution  
  61  4:36  Roach  
  61  4:37  Roach x2  
  67  4:39  Roach  
  69  4:51  Roach x4  
  77  4:54  Drone x2, Extractor  
  78  5:11  Roach x5  
  88  5:26  Roach x2  
  92  5:30  Overlord x2  
  92  5:31  Overlord x2  
  92  5:32  Hatchery  
  91  5:36  Overseer  
Tags
 
Add a new tag
Caveats
  • Supply blocks, unpowered buildings, or Contaminate may cause inaccurate times.
  • Supply counts are checked every 10 seconds.